 Dungeon Crawl Stone Soup version 0.29-a0-961-gfab03dca74 (webtiles) character file.

Game seed: 5937494594339073890

1545 Conn the Magician (level 8, -10/46 (48) HPs)
             Began as an Octopode Fire Elementalist on July 30, 2022.
             Mangled by a wight
             ... wielding a +3 spear
              (12 damage)
             ... on level 7 of the Dungeon.
             The game lasted 00:13:55 (7850 turns).

Conn the Magician (Octopode Fire Elementalist)      Turns: 7850, Time: 00:13:56

HP:   -10/46 (48)   AC:  1    Str:  7    XL:     8   Next: 87%
MP:   12/17         EV: 14    Int: 19    God:
Gold: 262           SH:  0    Dex: 19    Spells: 6/19 levels left

rFire   + . .      SeeInvis .   b - staff of fire
rCold   . . .      Faith    .   (no shield)
rNeg    . . .      Spirit   .   (helmet restricted)
rPois   .          Reflect  .   (no amulet)
rElec   .          Harm     .   j - +6 ring of dexterity
rCorr   .          Rampage  .   (no ring)
Will    +....      Clarity  +   (no ring)
Stlth   ++++......              (no ring)
HPRegen 0.15/turn               (no ring)
MPRegen 0.15/turn               (no ring)
                                (no ring)
                                (no ring)

@: lightly drained
A: almost no armour, amphibious, 8 rings, camouflage 1, gelatinous body 1,
(nimble swimmer 1), tentacles, clarity, strong-willed 1, subdued magic 1
a: no special abilities


You were on level 7 of the Dungeon.
You visited 2 branches of the dungeon, and saw 8 of its levels.
You also visited: Ossuary.

You collected 262 gold pieces.

Inventory:

Hand Weapons
 a - the +8 trident of the Octopus King {venom, rElec rPois}
   (You took it off a hobgoblin on level 2 of the Dungeon)

   It poisons the flesh of those it strikes.
   rElec:     It insulates you from electricity.
   rPois:     It protects you from poison.
 l - a +0 dagger
 n - a +2 vorpal war axe
 v - a +2 dagger of flaming
Missiles
 w - 11 poisoned darts
Magical Staves
 b - a staff of fire (weapon)
Jewellery
 j - a +6 ring of dexterity (left tentacle)
Wands
 E - a wand of flame (10)
Scrolls
 f - 3 scrolls of teleportation {unknown}
 i - 6 scrolls of noise
 o - 6 scrolls of identify {unknown}
 p - 3 scrolls of blinking {unknown}
 q - 2 scrolls of immolation
 x - a scroll of enchant armour {unknown}
 y - a scroll of magic mapping {unknown}
 A - 4 scrolls of enchant weapon {unknown}
 B - a scroll of amnesia {unknown}
 C - a scroll of fear {unknown}
 D - a scroll of vulnerability {unknown}
Potions
 c - a potion of resistance {unknown}
 d - 3 potions of magic
 e - 3 potions of lignification {unknown}
 g - 8 potions of degeneration
 h - 3 potions of flight {unknown}
 k - 4 potions of might {unknown}
 m - 4 potions of mutation
 r - 3 potions of berserk rage {unknown}
 s - 4 potions of heal wounds
 t - 5 potions of curing {unknown}
 u - 2 potions of attraction {unknown}
 z - a potion of cancellation {unknown}


   Skills:
 + Level 1.3 Fighting
 + Level 0.3 Axes
 + Level 1.7 Staves
 + Level 2.3 Dodging
 + Level 4.7 Stealth
 * Level 6.4 Spellcasting
 * Level 4.7 Conjurations
 + Level 6.3 Fire Magic


You had 6 spell levels left.
You knew the following spells:

 Your Spells              Type           Power      Damage    Failure   Level
a - Foxfire               Conj/Fire      100%       2x1d9     1%          1
b - Conjure Flame         Conj/Fire      31%        6-21      2%          3
c - Inner Flame           Hex/Fire       21%        N/A       7%          3
d - Flame Wave            Conj/Fire      31%        2d9       9%          4
e - Scorch                Fire           68%        2d8       1%          2

Your spell library contained the following spells:

 Spells                   Type           Power      Damage    Failure   Level
 Ignite Poison            Fire/Tmut/Pois 16%        N/A       12%         3
 Mephitic Cloud           Conj/Pois/Air  9%         N/A       14%         3
 Confusing Touch          Hex            4%         N/A       28%         3
 Gell's Gravitas          Tloc           4%         N/A       28%         3
 Lesser Beckoning         Tloc           4%         N/A       28%         3
 Teleport Other           Tloc           4%         N/A       28%         3
 Freezing Cloud           Conj/Ice/Air   4%         6-21      80%         5
 Yara's Violent Unravell  Hex/Tmut       2%         3d3       95%         5
 Enfeeble                 Hex            2%         N/A       100%        7


Dungeon Overview and Level Annotations

Branches:
Dungeon (7/15)             Temple (1/1) D:4         Ossuary (visited)

Altars:
Ashenzari
Dithmenos
Elyvilon
Fedhas
Gozag
Kikubaaqudgha
Okawaru
Qazlal
Ru
Uskayaw
Wu Jian
Xom
Zin
The Shining One


Innate Abilities, Weirdness & Mutations

You cannot wear most types of armour.
You are amphibious.
You can wear up to eight rings at the same time.
Your skin changes colour to match your surroundings (Stealth+).
Your rubbery body absorbs attacks. (AC +1, EV +1)
((You are camouflaged when in or above water. (Stealth+)))
You have tentacles for arms and can constrict up to eight enemies at once.
You possess an exceptional clarity of mind.
You are strong-willed. (Will+)
Your spells are a little easier to cast, but a little less powerful.


Message History

Done exploring.
(D) Dungeon (T) Temple
Where to? (Enter - D:6, ? - help)
There is an open door here.
There is an open door here.
There is an open door here.
There is a stone staircase leading down here.
You climb downwards.
Found a robe.
There is a stone staircase leading up here.
There are monsters nearby!
Casting: Scorch (safe; 1% risk of failure)
Confirm with . or Enter, or press ? or * to list all spells.
Okay, then.
Casting: Scorch (safe; 1% risk of failure)
Confirm with . or Enter, or press ? or * to list all spells.
Casting: Flame Wave (dangerous; 9% risk of failure)
Press: ? - help, Dir - look around, f - activate You feel a surge of power!
A wave of flame ripples out!
The flame wave engulfs the wight.
The wight is moderately damaged. (Press . to intensify the flame waves.)
You hear a shout! x3
The wight hits you from afar with a +0 trident!
The wight hits you with a +3 spear.
A wave of flame ripples out!
The flame wave engulfs the wight.
The wight is heavily damaged.
The flame wave engulfs the wight!
The wight is severely damaged.
Something shouts, "Escape, thou unhinged crook-pated bugbear!"
You hear a shout!
A centaur comes into view.
The centaur wields a +0 shortbow.
The centaur shoots an arrow.
The arrow barely misses you.
The wight hits you from afar with a +0 trident!
You feel drained. The wight hits you with a +3 spear!
The wight hits you from afar with a +0 trident!
* * * LOW HITPOINT WARNING * * *
The wight hits you with a +3 spear!
You die...

.. ....... #..
..... #..##....
....... ....Y#
#...######.
#.z........
#..@.l.....
#........c.
.....zz......
...............
...............
###.#.....[....
#.#.......... #
#..........


You could see an ice beast, a centaur, an iguana and 3 wights.

Vanquished Creatures
  Edmund (D:4)
  2 water moccasins (D:6)
  A sky beast (D:6)
  A black bear (D:6)
  A phantom (D:6)
  4 scorpions
  2 centaur zombies (Ossuary)
  2 hounds
  3 orc priests
  2 human zombies (Ossuary)
  3 iguanas
  3 orc wizards
  4 mummies (Ossuary)
  10 adders
  4 gnolls (D:5)
  2 shadow imps
  A white imp (D:4)
  An ufetubus (D:6)
  A worm (D:4)
  16 orcs
  5 bats
  3 endoplasms
  6 giant cockroaches
  6 goblins
  11 hobgoblins
  2 jackals (D:4)
  9 kobolds
  6 quokkas
  5 ball pythons
  3 frilled lizards
  A goblin zombie (Ossuary)
  A kobold zombie (Ossuary)
  2 orc zombies (Ossuary)
  5 rats
129 creatures vanquished.

Vanquished Creatures (others)
  416 foxfires
416 creatures vanquished.

Grand Total: 545 creatures vanquished

Notes
Turn   | Place    | Note
-------+----------+-------------------------------------------
     0 | D:1      | Conn the Octopode Fire Elementalist began the quest for the
                  | Orb.
     0 | D:1      | Reached XP level 1. HP: 11/11 MP: 3/3
   150 | D:1      | Reached XP level 2. HP: 17/17 MP: 0/5
   852 | D:1      | Reached XP level 3. HP: 21/21 MP: 2/6
  2172 | D:2      | Reached XP level 4. HP: 27/27 MP: 4/7
  2296 | D:3      | Found a shimmering altar of Xom.
  2909 | D:3      | Reached XP level 5. HP: 12/32 MP: 0/9
  3153 | D:3      | Found an opulent altar of Gozag.
  3498 | D:4      | Found a sand-covered staircase.
  3499 | D:4      | Found a staircase to the Ecumenical Temple.
  3519 | Temple   | Entered the Ecumenical Temple
  3657 | Ossuary  | Entered an ossuary
  3877 | Ossuary  | Reached skill level 1 in Staves
  3877 | Ossuary  | Reached XP level 6. HP: 27/37 MP: 5/10
  3890 | Ossuary  | HP: 1/37 [centaur zombie (2)]
  3898 | Ossuary  | Learned a level 2 spell: Scorch
  3902 | Ossuary  | Learned a level 3 spell: Conjure Flame
  3906 | Ossuary  | Learned a level 3 spell: Inner Flame
  4080 | Ossuary  | Reached skill level 1 in Fighting
  4301 | Ossuary  | Gained mutation: Your spells are a little easier to cast,
                  | but a little less powerful. [potion of mutation]
  4301 | Ossuary  | Gained mutation: You are strong-willed. (Will+) [potion of
                  | mutation]
  4301 | Ossuary  | Gained mutation: You possess an exceptional clarity of
                  | mind. [potion of mutation]
  4597 | D:4      | Reached skill level 5 in Fire Magic
  4663 | D:4      | Noticed Edmund
  4675 | D:4      | Killed Edmund
  4676 | D:4      | Reached XP level 7. HP: 43/43 MP: 0/12
  5702 | D:5      | Entered Level 5 of the Dungeon
  5718 | D:5      | Learned a level 4 spell: Flame Wave
  6324 | D:5      | Reached skill level 5 in Spellcasting
  6601 | D:6      | Reached XP level 8. HP: 48/48 MP: 10/15
  7258 | D:6      | Noticed a +0 dagger
  7259 | D:6      | Found a hide-covered altar of Uskayaw.
  7259 | D:6      | Noticed a +0 hand axe
  7850 | D:7      | HP: 2/46 [wight/+0 trident (14)]
  7850 | D:7      | Mangled by a wight

Illustrated notes

Levels and vault maps discovered:
D:1:      nzn_arrival_depleted_hourglass, layout_rooms
D:2:      layout_basic
D:3:      layout_loops_cross, overflow_temple_1_default,
          mainiacjoe_overflow_boulevard, kennysheep_boxes
D:4:      layout_basic, temple_pool_b, enter_ossuary_1,
          kennysheep_generic_room_14, uniq_edmund
D:5:      layout_basic
D:6:      layout_basic, dancing_weapons_uskayaw
D:7:      layout_loops_cross, slow_altar_2, chequers_serial_rivers_marsh
Temple:   jpeg_temple_clearing

Skill      XL: |  1  2  3  4  5  6  7  8 |
---------------+-------------------------+-----
Stealth        | 3 4 |  4.7
Conjurations   | 2 3 4 |  4.7
Fire Magic     | 4 5 6 |  6.3
Spellcasting   | 3 5 6 |  6.4
Staves         | 1 |  1.7
Fighting       | 1 |  1.3
Axes           | |  0.3
Dodging        | |  2.3

Action                   |  1- 3 |  4- 6 |  7- 9 || total
-------------------------+-------+-------+-------++-------
Melee: Dagger            |     1 |       |       ||     1
       War axe           |    11 |       |       ||    11
       Constrict         |     5 |     7 |     6 ||    18
       Staff             |     7 |    28 |    16 ||    51
       Tentacles         |     3 |    10 |     5 ||    18
       Punch             |       |       |     1 ||     1
 Cast: Foxfire           |    70 |   112 |    61 ||   243
       Scorch            |       |     7 |    28 ||    35
       Conjure Flame     |       |     1 |     4 ||     5
       Inner Flame       |       |       |     2 ||     2
       Flame Wave        |       |       |     4 ||     4
  Use: Potion            |       |     2 |       ||     2
 Stab: Sleeping          |       |     1 |     4 ||     5
Armor: Skin              |     4 |     5 |     1 ||    10
Dodge: Dodged            |    14 |    45 |    18 ||    77

Table legend: (Time is in decaauts)
 A = Elapsed time spent in this place.
 B = Non-inter-level travel time spent in this place.
 C = Inter-level travel time spent in this place.
 D = Time resting spent in this place.
 E = Time spent auto-exploring this place.
 F = Levels seen in this place.
 G = Mean time per level.
                   A        B        C        D        E       F      G
               +--------+--------+--------+--------+--------+-----+--------+
         Total |   7856 |   7676 |    180 |    188 |   5963 |   9 |  872.9 |
       Dungeon |   7046 |   6866 |    180 |    188 |   5386 |   7 | 1006.6 |
        Temple |    114 |    114 |      0 |      0 |     88 |   1 |  114.0 |
       Ossuary |    695 |    695 |      0 |      0 |    489 |   1 |  695.0 |
               +--------+--------+--------+--------+--------+-----+--------+

Top non-repeatable levels by time:
     D:4: 1500 daAuts
     D:6: 1266 daAuts
     D:1: 1160 daAuts
     D:2: 1138 daAuts
     D:3: 1099 daAuts
     D:5: 879 daAuts
 Ossuary: 695 daAuts
  Temple: 114 daAuts
     D:7: 2 daAuts
